 Dungeon Crawl Stone Soup version 0.17-a0-1711-gc5340a3 (webtiles) character file.

58 kae the Firebug (level 4, -1/24 HPs)
             Began as a Tengu Fire Elementalist on Aug 22, 2015.
             Slain by a worm (11 damage)
             ... on level 2 of the Dungeon.
             The game lasted 00:01:40 (1081 turns).

kae the Firebug (Tengu Fire Elementalist)           Turns: 1081, Time: 00:01:40

Health: -1/24      AC:  2    Str:  8    XL:     4   Next: 1%
Magic:  4/8        EV: 12    Int: 17    God:
Gold:   53         SH:  0    Dex: 14    Spells: 1 memorised, 6 levels left

rFire  . . .     SeeInvis .     q - +0 quarterstaff
rCold  . . .     Clarity  .     a - +0 robe
rNeg   . . .     SustAt   .     (no shield)
rPois  .         Gourm    .     (helmet restricted)
rElec  .         Spirit   .     (no cloak)
rCorr  .         Warding  .     (no gloves)
rMut   .         Stasis   .     (boots unavailable)
MR     .....                    (no amulet)
Stlth  ++........               (no ring)
                                (no ring)

@: not resistant to hostile enchantments, unstealthy
A: beak, talons 3
a: no special abilities


You were on level 2 of the Dungeon.
You were not hungry.

You visited 1 branch of the dungeon, and saw 2 of its levels.

You collected 53 gold pieces.

Inventory:

Hand weapons
 e - a +0 whip
 q - a +0 quarterstaff (weapon)
Armour
 a - a +0 robe (worn)
Scrolls
 f - a scroll of remove curse {unknown}
 g - a scroll of immolation {unknown}
 h - 2 scrolls of identify {unknown}
 i - a scroll of noise {unknown}
 j - a scroll of enchant weapon {unknown}
 m - a scroll of magic mapping {unknown}
 o - a scroll of random uselessness {unknown}
Potions
 d - 2 potions of curing
 k - a potion of heal wounds {unknown}
 l - a potion of poison {unknown}
Books
 b - a book of Flames

   Spells                             Type                      Level
   a - Flame Tongue                   Conjuration/Fire             1
   b - Throw Flame                    Conjuration/Fire             2
   c - Conjure Flame                  Conjuration/Fire             3
   d - Inner Flame                    Hexes/Fire                   3
   e - Sticky Flame                   Conjuration/Fire             4
   f - Fireball                       Conjuration/Fire             5
 p - a book of the Sky

   Spells                             Type                      Level
   a - Summon Lightning Spire         Summoning/Air                4
   b - Airstrike                      Air                          4
   c - Silence                        Hexes/Air                    5
   d - Deflect Missiles               Charms/Air                   6
   e - Conjure Ball Lightning         Conjuration/Air              6
   f - Tornado                        Air                          9
Comestibles
 c - 3 bread rations
 n - 2 fruits


   Skills:
 - Level 2.1 Dodging
 - Level 2.0 Stealth
 - Level 2.0 Spellcasting
 - Level 1.5 Conjurations
 + Level 5.1 Fire Magic


You had 6 spell levels left.
You knew the following spells:

 Your Spells              Type           Power        Failure   Level  Hunger
a - Flame Tongue          Conj/Fire      ##...        6%          1    #......


Dungeon Overview and Level Annotations

Branches:
Dungeon (2/15)

Altars:
Elyvilon


Innate Abilities, Weirdness & Mutations

You have a beak for a mouth.
You have claws for feet.


Message History

Aim: a worm (lightly wounded)
The flame tongue hits the worm.
The worm is lightly wounded.
The worm bites you!
Casting: Flame Tongue
Confirm with . or Enter, or press ? or * to list all spells.
Aiming: Flame Tongue
Press: ? - help, Shift-Dir - straight line, f/p - worm
Aim: a worm (lightly wounded)
The flame tongue hits the worm.
The worm is heavily wounded.
Casting: Flame Tongue
Confirm with . or Enter, or press ? or * to list all spells.
Aiming: Flame Tongue
Press: ? - help, Shift-Dir - straight line, f/p - worm
Aim: a worm (heavily wounded)
The flame tongue hits the worm.
The worm is almost dead.
The worm bites you!
You die...

......#.#.#.#.#.#.
##.#..............
#.#.#####.#####.. #.#.#
#.# #.. #.#.# #.# #..
#####.#.#####.# #..
###.............#####..
#....)w...####..##..)..
##@...# #.........
#.....####.###.####
#.........?# #.#
#..........# #.#
......[......†..# #.#
.....###.##.....###.##
..... ..........##...##
####
###.####.###.....## #.#
#.##........


You could see a worm.

Vanquished Creatures
  3 adders (D:2)
  An ooze (D:1)
  A ball python (D:1)
  5 goblins
  4 hobgoblins (D:1)
  8 bats
  A giant newt (D:2)
  2 kobolds
  3 rats
28 creatures vanquished.

Notes
Turn   | Place    | Note
--------------------------------------------------------------
     0 | D:1      | kae the Tengu Fire Elementalist began the quest for the Orb.
     0 | D:1      | Reached XP level 1. HP: 10/10 MP: 4/4
   104 | D:1      | Reached XP level 2. HP: 13/15 MP: 1/6
   213 | D:1      | Reached skill level 4 in Fire Magic
   714 | D:2      | Reached XP level 3. HP: 19/19 MP: 4/7
   953 | D:2      | Reached skill level 5 in Fire Magic
  1001 | D:2      | Found a white marble altar of Elyvilon.
  1077 | D:2      | Reached XP level 4. HP: 20/24 MP: 8/8
  1081 | D:2      | Slain by a worm

Vault maps used:
D:1:      sevenhm_arrival_forest_fort_large_4, item_on_display_a
D:2:      lemuel_blue_sif_altar, elyvilon_altar_5, roderic_bali_sauvastika

Action                   |  1- 3 |  4- 6 || total
-------------------------+-------+-------++-------
Melee: Whip              |    26 |       ||    26
       Unarmed           |     5 |       ||     5
       Quarterstaff      |     8 |       ||     8
 Cast: Flame Tongue      |    31 |     4 ||    35
  Use: Potion            |     1 |       ||     1
 Stab: Sleeping          |     3 |       ||     3
  Eat: Chunk             |     1 |       ||     1
